 Dungeon Crawl Stone Soup version 0.20.0-1-g1cb1d84 (webtiles) character file.

10383 Gorglomux the Spear-Bearer (level 11, -5/95 HPs)
             Began as a Merfolk Berserker on May 26, 2017.
             Was a High Priest of Trog.
             Slain by a yak (13 damage)
             ... on level 9 of the Dungeon.
             The game lasted 00:11:40 (10474 turns).

Gorglomux the Spear-Bearer (Merfolk Berserker)     Turns: 10474, Time: 00:11:40

Health: -5/95      AC:  6    Str: 18    XL:     11   Next: 61%
Magic:  11/11      EV: 20    Int:  7    God:    Trog [*****.]
Gold:   554        SH:  0    Dex: 16    Spells: 10/10 levels left

rFire    . . .     SeeInvis .   J - +1 spear (flame)
rCold    . . .     Gourm    .   (no shield)
rNeg     . . .     Faith    .   V - +0 ring mail
rPois    .         Spirit   .   (no helmet)
rElec    .         Reflect  .   U - scarf {repulsion}
rCorr    +         Harm     .   (no gloves)
MR       ++...                  y - +0 pair of boots
Stlth    +.........             (no amulet)
Regen    1.3/turn               g - ring of resist corrosion
MPRegen  0.2/turn               (no ring)

@: berserk cooldown, regenerating, slowed, repel missiles, very slow
A: change form in water, swift swim, stealthy swim
a: Berserk, Trog's Hand, Brothers in Arms, Burn Spellbooks, Renounce Religion


You were on level 9 of the Dungeon.
You worshipped Trog.
Trog was extremely pleased with you.
You were not hungry.

You visited 1 branch of the dungeon, and saw 10 of its levels.

You collected 554 gold pieces.

Inventory:

Hand Weapons
 a - a +0 spear
 J - a +1 spear of flaming (weapon)
 Y - a +0 trident
Missiles
 Z - a throwing net (quivered)
Armour
 y - a +0 pair of boots (worn)
 U - a scarf of repulsion (worn)
 V - a +0 ring mail (worn)
Jewellery
 g - a ring of resist corrosion (left hand)
Wands
 x - a wand of iceblast (7/15)
 G - a wand of paralysis (16/24)
 I - a wand of iceblast (7/15)
 L - a wand of paralysis (2/24)
 O - a wand of clouds (3/9)
 P - a wand of paralysis (7/24)
Scrolls
 t - 2 scrolls of remove curse
 u - a scroll of silence {unknown}
 v - a scroll of immolation
 w - 2 scrolls of enchant armour
 D - a scroll of magic mapping {unknown}
 H - a scroll of blinking {unknown}
 T - 7 scrolls of teleportation
 W - 2 scrolls of fear
 X - 2 scrolls of recharging {unknown}
Potions
 f - 2 potions of haste
 A - 3 potions of heal wounds
 B - a potion of lignification
 E - 2 potions of degeneration
 F - a potion of cancellation
 K - a potion of invisibility
 M - a potion of agility
 N - a potion of might {unknown}
 Q - 5 potions of curing
Comestibles
 c - 7 bread rations
 s - 5 chunks of flesh
 z - 4 meat rations
 C - 3 fruits
 S - 5 royal jellies


   Skills:
 + Level 11.7 Fighting
 + Level 14.8 Polearms
 - Level 1.3 Armour
 + Level 13.1 Dodging


You had 10 spell levels left.
You didn't know any spells.

Dungeon Overview and Level Annotations

Branches:
Dungeon (10/15)            Temple (0/1) D:6            Lair (0/6) D:10
    Orc: D:9-12

Altars:
Ashenzari
Kikubaaqudgha
Ru
Zin
The Shining One

Portals:
Bailey: D:10


Message History

* * * LOW HITPOINT WARNING * * *
The scorpion misses you.
You are too injured to fight recklessly!
Unknown command.
You are too injured to fight recklessly!
Unknown command.
You are too injured to fight recklessly!
Unknown command.
Okay, then.
The porcupine misses you. The porcupine closely misses you.
The yak closely misses you. The porcupine bites you!
* * * LOW HITPOINT WARNING * * *
The yak completely misses you. The porcupine closely misses you.
Your skin crawls.
You feel resistant to hostile enchantments.
You feel somewhat more hungry. The porcupine bites you!
* * * LOW HITPOINT WARNING * * *
The yak completely misses you. The yak gores you!
You die...

.#...###.#####...).....####### #
................##.....##########
.............#...................
.###########.#.........##########
.# #.#.#.#.....# #...... ##
#####.....#.....####......
#####.........................
#......###.#.YY.........<.....
######## #...@rs>....#########
##..###.....## ###..## ####..#
#### #....# ##.#### ##... #
#..### #....###.... # #.##
####.....### # ##.# ###...### ##
#..# ###(....... .########..##
##(....#####


You could see 2 yaks, a scorpion and a porcupine.

Vanquished Creatures
  6 two-headed ogres
  Maurice (D:8)
  A troll (D:10)
  3 yaks (D:9)
  A basilisk (D:10)
  A hungry ghost (D:9)
  2 porcupines (D:10)
  A water moccasin (D:9)
  An orc warrior (D:8)
  4 phantoms
  A black bear (D:9)
  A necrophage (D:7)
  2 sky beasts (D:6)
  4 ogres
  5 centaurs
  3 crocodiles
  Blork the orc (D:4)
  7 bullfrogs
  A wyvern zombie (D:10)
  A gnoll sergeant (D:6)
  2 scorpions
  4 killer bees (D:8)
  9 wights (D:10)
  10 howler monkeys
  3 crimson imps
  A bullfrog zombie (D:9)
  A centaur zombie (D:6)
  A bullfrog skeleton (D:4)
  2 jellies
  9 orc wizards
  5 orc priests
  Crazy Yiuf (D:4)
  4 hounds
  2 iguanas
  Ijyb (D:4)
  9 worker ants
  A hound zombie (D:6)
  A hound skeleton (D:9)
  2 worker ant zombies
  Robin (D:4)
  A howler monkey zombie (D:8)
  19 adders
  14 gnolls
  A shadow imp (D:10)
  3 oozes
  An adder zombie (D:7)
  3 worms
  A dart slug (D:1)
  2 leopard geckos
  44 orcs
  A ball python (D:3)
  9 giant cockroaches
  14 goblins
  9 hobgoblins
  5 jackals
  5 quokkas
  A ball python skeleton (D:5)
  10 bats
  5 frilled lizards
  12 kobolds
  3 quokka skeletons
  4 rats
283 creatures vanquished.

Vanquished Creatures (others)
  A plant (D:10)
1 creature vanquished.

Grand Total: 284 creatures vanquished

Notes
Turn   | Place    | Note
-------+----------+-------------------------------------------
     0 | D:1      | Gorglomux the Merfolk Berserker began the quest for the Orb.
     0 | D:1      | Reached XP level 1. HP: 18/18 MP: 1/1
   145 | D:1      | Reached skill level 3 in Dodging
   161 | D:1      | Reached XP level 2. HP: 21/24 MP: 2/2
   379 | D:1      | Reached ** piety under Trog
   379 | D:1      | Reached skill level 5 in Polearms
   398 | D:1      | Reached XP level 3. HP: 26/30 MP: 3/3
   975 | D:2      | Reached XP level 4. HP: 21/37 MP: 4/4
  1817 | D:3      | Reached XP level 5. HP: 37/43 MP: 5/5
  1890 | D:3      | Found a shattered altar of Ashenzari.
  2005 | D:3      | Reached skill level 6 in Polearms
  2268 | D:3      | Reached *** piety under Trog
  2687 | D:3      | Found a glowing silver altar of Zin.
  3400 | D:4      | Reached XP level 6. HP: 41/51 MP: 6/6
  3442 | D:4      | You fall through a shaft for 2 floors!
  3455 | D:6      | Noticed a sky beast
  3485 | D:6      | Killed a sky beast
  3593 | D:6      | Reached skill level 7 in Polearms
  3805 | D:5      | Entered Level 5 of the Dungeon
  3839 | D:5      | Reached XP level 7. HP: 57/57 MP: 7/7
  4134 | D:5      | Found a glowing golden altar of the Shining One.
  4167 | D:5      | Reached skill level 6 in Dodging
  4250 | D:5      | Reached skill level 6 in Fighting
  4281 | D:5      | Reached skill level 8 in Polearms
  4570 | D:5      | Reached XP level 8. HP: 50/65 MP: 8/8
  4945 | D:4      | Reached **** piety under Trog
  4975 | D:4      | Noticed Robin
  4989 | D:4      | Reached skill level 9 in Polearms
  5000 | D:4      | Killed Robin
  5088 | D:4      | Noticed Blork the orc
  5094 | D:4      | Killed Blork the orc
  5152 | D:4      | Found a runed door.
  5366 | D:4      | Noticed Ijyb
  5389 | D:4      | Killed Ijyb
  5698 | D:4      | Noticed Crazy Yiuf
  5702 | D:4      | Killed Crazy Yiuf
  6093 | D:6      | Reached skill level 10 in Polearms
  6140 | D:6      | Found a staircase to the Ecumenical Temple.
  6262 | D:6      | Reached XP level 9. HP: 74/74 MP: 9/9
  6332 | D:6      | Noticed a two-headed ogre
  6344 | D:6      | Killed a two-headed ogre
  6344 | D:6      | Reached skill level 11 in Polearms
  6344 | D:6      | Reached skill level 9 in Dodging
  6573 | D:6      | Found a sacrificial altar of Ru.
  6700 | D:6      | Found an ancient bone altar of Kikubaaqudgha.
  7404 | D:7      | Reached skill level 9 in Fighting
  7750 | D:8      | Reached ***** piety under Trog
  7872 | D:8      | Reached skill level 12 in Polearms
  8005 | D:8      | Noticed Maurice
  8017 | D:8      | Killed Maurice
  8017 | D:8      | Reached XP level 10. HP: 83/83 MP: 10/10
  8058 | D:8      | Noticed a two-headed ogre
  8073 | D:8      | Killed a two-headed ogre
  8233 | D:8      | Noticed a two-headed ogre
  8243 | D:8      | Killed a two-headed ogre
  8243 | D:8      | Reached skill level 13 in Polearms
  9198 | D:9      | Received a gift from Trog
  9272 | D:9      | Reached skill level 12 in Dodging
  9272 | D:9      | Reached XP level 11. HP: 81/92 MP: 11/11
  9402 | D:9      | Reached skill level 14 in Polearms
  9716 | D:10     | Entered Level 10 of the Dungeon
  9716 | D:10     | Noticed a two-headed ogre
  9716 | D:10     | Noticed a two-headed ogre
  9726 | D:10     | Killed a two-headed ogre
  9734 | D:10     | Killed a two-headed ogre
 10063 | D:10     | Found a flagged portal.
 10064 | D:10     | Noticed a two-headed ogre
 10083 | D:10     | Killed a two-headed ogre
 10451 | D:10     | Found a staircase to the Lair.
 10474 | D:9      | Slain by a yak

Skill      XL: |  1  2  3  4  5  6  7  8  9 10 11 |
---------------+----------------------------------+-----
Dodging        | 3 4 5 6 8 10 12 13 | 13.1
Polearms       | 5 6 7 8 10 12 13 14 | 14.8
Fighting       | 4 5 6 7 9 10 11 | 11.7
Armour         | |  1.3

Action                   |  1- 3 |  4- 6 |  7- 9 | 10-12 || total
-------------------------+-------+-------+-------+-------++-------
Melee: Spear             |   114 |   269 |   145 |   438 ||   966
       Trident           |       |    82 |   418 |       ||   500
Invok: Berserk           |       |     5 |    14 |    10 ||    29
       Trog's Hand       |       |     2 |       |     1 ||     3
  Use: Scroll            |       |     5 |     5 |     6 ||    16
 Stab: Sleeping          |    10 |     9 |     2 |       ||    21
  Eat: Chunk             |       |    14 |    27 |    20 ||    61
Armor: Animal skin       |     6 |    14 |       |       ||    20
       Ring mail         |       |    49 |    74 |    33 ||   156
Dodge: Dodged            |    42 |   229 |   257 |   238 ||   766
       Deflected         |       |       |     5 |     4 ||     9
